3L
PANAMA CITY PIRANHAS @ HOUSTON 1837 COLT .45S
09/23/2021
 
TOP OF THE 1ST
Panama City Piranhas batting - Pitching for Houston 1837 Colt .45s : RHP Gary Bailey
Pitching: RHP Gary Bailey
Batting: LHB Francisco Sánchez 0-0: Fly out, F9 (Flyball, 9M)
Batting: LHB Melvin Castro 0-0: Foul Ball, location: 2F
0-1: Ball
1-1: Called Strike
1-2: Ball
2-2: Foul Ball, location: 2F
2-2: Foul Ball, location: 2F
2-2: Ball
3-2: Foul Ball, location: 2F
3-2: Base on Balls
Batting: SHB Marc Talamante 0-0: Foul Ball, location: 2F
0-1: Grounds into double play, U3-6 (Groundball, 3L)
Top of the 1st over - 0 run(s), 0 hit(s), 0 error(s), 0 left on base; Panama City 0 - Houston 1837 0
BOTTOM OF THE 1ST
Houston 1837 Colt .45s batting - Pitching for Panama City Piranhas : RHP John Alvarado
Pitching: RHP John Alvarado
Batting: LHB Jack Robbins 0-0: Swinging Strike
0-1: Ball
1-1: Swinging Strike
1-2: Foul Ball, location: 2F
1-2: Ball
2-2: Ball
3-2: Foul Ball, location: 2F
3-2: SINGLE (Groundball, 4MD)
Batting: LHB Luis Rodríguez 0-0: Called Strike
0-1: Foul Ball, location: 2F
0-2: Ball
1-2: Ball
2-2: Grounds out, U3 (Groundball, 3L)
Batting: RHB Bob Dickerson 0-0: Called Strike
Jack Robbins steals 3rd base
0-1: Ball
1-1: SINGLE (Line Drive, 6D)
Jack Robbins scores
Batting: LHB Mark McClear 0-0: Ground out 3-1 (Groundball, 34)
Bob Dickerson to second
Batting: LHB Juan Rodríguez 0-0: Ball
1-0: Foul Ball, location: 2F
1-1: Foul Ball, location: 2F
1-2: Strikes out swinging
Bottom of the 1st over - 1 run(s), 2 hit(s), 0 error(s), 1 left on base; Panama City 0 - Houston 1837 1
TOP OF THE 2ND
Panama City Piranhas batting - Pitching for Houston 1837 Colt .45s : RHP Gary Bailey
Batting: RHB Cliff Dixon 0-0: Ball
1-0: Ball
2-0: Foul Ball, location: 2F
2-1: Foul Ball, location: 2F
2-2: Foul Ball, location: 2F
2-2: DOUBLE (Flyball, 89XD)
Batting: RHB Brad Perry 0-0: Called Strike
0-1: Swinging Strike
0-2: Strikes out swinging
Batting: RHB Fernando López 0-0: Foul Ball, location: 2F
0-1: Ball
1-1: Ball
2-1: Ball
3-1: Base on Balls
Batting: RHB José Correa 0-0: Ball
1-0: Ball
2-0: Foul Ball, location: 2F
2-1: Ball
3-1: Base on Balls
Cliff Dixon to third
Fernando López to second
Batting: RHB Tim Barnes 0-0: Ball
1-0: Called Strike
1-1: Called Strike
1-2: Ball
2-2: Ball
3-2: Foul Ball, location: 2F
3-2: Foul Ball, location: 2F
3-2: TRIPLE (Groundball, 5L)
Cliff Dixon scores
Fernando López scores
José Correa scores
Batting: RHB Kyle Taylor 0-0: Ball
1-0: Ball
2-0: Ball
3-0: Called Strike
3-1: Base on Balls
Batting: LHB Francisco Sánchez 0-0: Called Strike
0-1: Foul Ball, location: 2F
0-2: Ball
1-2: Ball
2-2: Ball
3-2: Foul Ball, location: 2F
3-2: Base on Balls
Kyle Taylor to second
Batting: LHB Melvin Castro 0-0: Ball
1-0: Ball
2-0: Ball
3-0: Swinging Strike
3-1: Base on Balls
Tim Barnes scores
Kyle Taylor to third
Francisco Sánchez to second
Batting: SHB Marc Talamante 0-0: Swinging Strike
0-1: Fly out, F6 (Popup, 6)
Batting: RHB Cliff Dixon 0-0: Swinging Strike
0-1: Foul Ball, location: 2F
0-2: SINGLE (Groundball, 56)
Kyle Taylor scores
Francisco Sánchez to third
Melvin Castro to second
Runner from 3rd tries for Home, SAFE, throw made home
Pitching: RHP Henry Hart
Batting: RHB Brad Perry 0-0: Foul Ball, location: 2F
0-1: Swinging Strike
0-2: Strikes out looking
Top of the 2nd over - 6 run(s), 3 hit(s), 0 error(s), 2 left on base; Panama City 6 - Houston 1837 1
BOTTOM OF THE 2ND
Houston 1837 Colt .45s batting - Pitching for Panama City Piranhas : RHP John Alvarado
Batting: RHB Carlos Vela 0-0: Called Strike
0-1: Called Strike
0-2: Ball
1-2: Foul Ball, location: 2F
1-2: Ground out 6-3 (Groundball, 6M)
Batting: LHB Ray Merrill 0-0: Fly out, F9 (Flyball, 9S)
Batting: LHB Brad Lawrence 0-0: Ball
1-0: Foul Ball, location: 2F
1-1: Called Strike
1-2: Strikes out swinging
Bottom of the 2nd over - 0 run(s), 0 hit(s), 0 error(s), 0 left on base; Panama City 6 - Houston 1837 1
TOP OF THE 3RD
Panama City Piranhas batting - Pitching for Houston 1837 Colt .45s : RHP Henry Hart
Batting: RHB Fernando López 0-0: Swinging Strike
0-1: Ball
1-1: Called Strike
1-2: Foul Ball, location: 2F
1-2: Ball
2-2: SINGLE (Groundball, 56D)
Batting: RHB José Correa 0-0: Swinging Strike
0-1: Grounds into double play, 5-4-3 (Groundball, 5)
Batting: RHB Tim Barnes 0-0: Foul Ball, location: 2F
0-1: Swinging Strike
0-2: Ball
1-2: Fly out, F6 (Popup, 6)
Top of the 3rd over - 0 run(s), 1 hit(s), 0 error(s), 0 left on base; Panama City 6 - Houston 1837 1
BOTTOM OF THE 3RD
Houston 1837 Colt .45s batting - Pitching for Panama City Piranhas : RHP John Alvarado
Batting: RHB Guillermo Montoya 0-0: Ground out 6-3 (Groundball, 6)
Batting: LHB Jack Robbins 0-0: Ball
1-0: Ground out U3 (Groundball, 3S)
Batting: LHB Luis Rodríguez 0-0: Called Strike
0-1: Swinging Strike
0-2: Ball
1-2: Foul Ball, location: 2F
1-2: Ball
2-2: Foul Ball, location: 2F
2-2: Ball
3-2: Foul Ball, location: 2F
3-2: Base on Balls
Batting: RHB Bob Dickerson 0-0: Called Strike
0-1: Ball
1-1: Swinging Strike
1-2: Ball
2-2: Ground out 6-3 (Groundball, 6)
Bottom of the 3rd over - 0 run(s), 0 hit(s), 0 error(s), 1 left on base; Panama City 6 - Houston 1837 1
TOP OF THE 4TH
Panama City Piranhas batting - Pitching for Houston 1837 Colt .45s : RHP Henry Hart
Batting: RHB Kyle Taylor 0-0: Called Strike
0-1: Ball
1-1: Foul Ball, location: 2F
1-2: Ball
2-2: Ground out 5-3 (Groundball, 5L)
Batting: LHB Francisco Sánchez 0-0: Ball
1-0: Foul Ball, location: 2F
1-1: Ball
2-1: SINGLE (Line Drive, 8RS)
Batting: LHB Melvin Castro 0-0: Ball
1-0: Called Strike
1-1: Foul Ball, location: 2F
1-2: Ball
2-2: Ball
3-2: Foul Ball, location: 2F
3-2: Foul Ball, location: 2F
3-2: Foul Ball, location: 2F
3-2: Strikes out looking
Batting: SHB Marc Talamante 0-0: Called Strike
0-1: 2-RUN HOME RUN (Flyball, 7D), Distance : 400 ft
Batting: RHB Cliff Dixon 0-0: Ball
1-0: Ball
2-0: Ball
3-0: Called Strike
3-1: Foul Ball, location: 2F
3-2: Foul Ball, location: 2F
3-2: Strikes out swinging
Top of the 4th over - 2 run(s), 2 hit(s), 0 error(s), 0 left on base; Panama City 8 - Houston 1837 1
BOTTOM OF THE 4TH
Houston 1837 Colt .45s batting - Pitching for Panama City Piranhas : RHP John Alvarado
Batting: LHB Mark McClear 0-0: Called Strike
0-1: Fly out, F8 (Flyball, 8LM)
Batting: LHB Juan Rodríguez 0-0: Ball
1-0: Ball
2-0: Called Strike
2-1: Foul Ball, location: 2F
2-2: Foul Ball, location: 2F
2-2: DOUBLE (Groundball, 3L)
Batting: RHB Carlos Vela 0-0: Called Strike
Juan Rodríguez steals 3rd base
0-1: Foul Ball, location: 2F
0-2: Ball
1-2: Ground out 4-3 (Groundball, 4M)
Juan Rodríguez scores
Batting: LHB Ray Merrill 0-0: Ball
1-0: Ball
2-0: Ball
3-0: Called Strike
3-1: Called Strike
3-2: Strikes out swinging
Bottom of the 4th over - 1 run(s), 1 hit(s), 0 error(s), 0 left on base; Panama City 8 - Houston 1837 2
TOP OF THE 5TH
Panama City Piranhas batting - Pitching for Houston 1837 Colt .45s : RHP Henry Hart
Batting: RHB Brad Perry 0-0: Called Strike
0-1: Ground out 6-3 (Groundball, 6)
Batting: RHB Fernando López 0-0: Foul Ball, location: 2F
0-1: Called Strike
0-2: Ground out 6-3 (Groundball, 6)
Batting: RHB José Correa 0-0: Foul Ball, location: 2F
0-1: Foul Ball, location: 2F
0-2: Ground out 6-3 (Groundball, 6)
Top of the 5th over - 0 run(s), 0 hit(s), 0 error(s), 0 left on base; Panama City 8 - Houston 1837 2
BOTTOM OF THE 5TH
Houston 1837 Colt .45s batting - Pitching for Panama City Piranhas : RHP John Alvarado
Batting: LHB Brad Lawrence 0-0: Ball
1-0: Ball
2-0: Called Strike
2-1: Swinging Strike
2-2: Ground out 6-3 (Groundball, 6M)
Batting: RHB Guillermo Montoya 0-0: Ball
1-0: Called Strike
1-1: Ball
2-1: Ground out 6-3 (Groundball, 6)
Batting: LHB Jack Robbins 0-0: Called Strike
0-1: Called Strike
0-2: Ball
1-2: Ground out 4-3 (Groundball, 4)
Bottom of the 5th over - 0 run(s), 0 hit(s), 0 error(s), 0 left on base; Panama City 8 - Houston 1837 2
TOP OF THE 6TH
Panama City Piranhas batting - Pitching for Houston 1837 Colt .45s : RHP Henry Hart
Pitching: LHP Jeff Burrell
Batting: RHB Tim Barnes 0-0: Foul Ball, location: 2F
0-1: Ball
1-1: Swinging Strike
1-2: SINGLE (Groundball, 34D)
Batting: RHB Kyle Taylor 0-0: Foul Ball, location: 2F
0-1: Foul Ball, location: 2F
0-2: Strikes out looking
Batting: LHB Francisco Sánchez 0-0: Grounds into double play, 4-6-3 (Groundball, 4)
Top of the 6th over - 0 run(s), 1 hit(s), 0 error(s), 0 left on base; Panama City 8 - Houston 1837 2
BOTTOM OF THE 6TH
Houston 1837 Colt .45s batting - Pitching for Panama City Piranhas : RHP John Alvarado
Batting: LHB Luis Rodríguez 0-0: Ground out 4-3 (Groundball, 4M)
Batting: RHB Bob Dickerson 0-0: Ball
1-0: Ball
2-0: Swinging Strike
2-1: Fly out, F8 (Flyball, 89S)
Batting: LHB Mark McClear 0-0: Ball
1-0: Fly out, F5 (Popup, 5F)
Bottom of the 6th over - 0 run(s), 0 hit(s), 0 error(s), 0 left on base; Panama City 8 - Houston 1837 2
TOP OF THE 7TH
Panama City Piranhas batting - Pitching for Houston 1837 Colt .45s : LHP Jeff Burrell
Batting: LHB Melvin Castro 0-0: Ball
1-0: Ball
2-0: Swinging Strike
2-1: Swinging Strike
2-2: Strikes out looking
Batting: SHB Marc Talamante 0-0: Called Strike
0-1: Ball
1-1: Ground out 6-3 (Groundball, 6)
Batting: RHB Cliff Dixon 0-0: Ball
1-0: Ground out 3-1 (Groundball, 34)
Top of the 7th over - 0 run(s), 0 hit(s), 0 error(s), 0 left on base; Panama City 8 - Houston 1837 2
BOTTOM OF THE 7TH
Houston 1837 Colt .45s batting - Pitching for Panama City Piranhas : RHP John Alvarado
Batting: LHB Juan Rodríguez 0-0: Ball
1-0: Ball
2-0: Foul Ball, location: 2F
2-1: Ground out U3 (Groundball, 3)
Batting: RHB Carlos Vela 0-0: Ball
1-0: Ball
2-0: Ball
3-0: Called Strike
3-1: Foul Ball, location: 2F
3-2: SINGLE (Groundball, 5D)
Batting: LHB Ray Merrill 0-0: Ball
1-0: Ball
2-0: Ball
3-0: Base on Balls
Carlos Vela to second
Pitching: RHP Iván Ledesma Jr.
Batting: LHB Brad Lawrence 0-0: Ball
1-0: Foul Ball, location: 2F
1-1: Ball
2-1: Ball
3-1: Called Strike
3-2: Base on Balls
Carlos Vela to third
Ray Merrill to second
Batting: RHB Guillermo Montoya 0-0: Called Strike
0-1: Foul Ball, location: 2F
0-2: Ball
1-2: DOUBLE (Line Drive, 78XD)
Carlos Vela scores
Ray Merrill scores
Brad Lawrence to third
Runner from 3rd tries for Home, SAFE, no throw or cutoff
Batting: LHB Jack Robbins 0-0: Ball
1-0: Called Strike
1-1: Called Strike
1-2: Strikes out swinging
Batting: LHB Luis Rodríguez 0-0: Ball
1-0: Ball
2-0: Called Strike
2-1: Fly out, F4 (Popup, 34D)
Bottom of the 7th over - 3 run(s), 2 hit(s), 0 error(s), 1 left on base; Panama City 8 - Houston 1837 5
TOP OF THE 8TH
Panama City Piranhas batting - Pitching for Houston 1837 Colt .45s : LHP Jeff Burrell
Batting: RHB Brad Perry 0-0: Ball
1-0: Ground out 5-3 (Groundball, 5L)
Batting: RHB Fernando López 0-0: Called Strike
0-1: Ball
1-1: Ground out 1-3 (Groundball, 2R)
Batting: RHB José Correa 0-0: Foul Ball, location: 2F
0-1: Swinging Strike
0-2: Strikes out swinging
Top of the 8th over - 0 run(s), 0 hit(s), 0 error(s), 0 left on base; Panama City 8 - Houston 1837 5
BOTTOM OF THE 8TH
Houston 1837 Colt .45s batting - Pitching for Panama City Piranhas : RHP Iván Ledesma Jr.
Batting: RHB Bob Dickerson 0-0: Ball
1-0: Called Strike
1-1: SOLO HOME RUN (Flyball, 7LD), Distance : 378 ft
Pitching: LHP Tommy Blevins
Batting: LHB Mark McClear 0-0: Ball
1-0: SINGLE (Flyball, 9S)
Pitching: RHP Francisco Torres
Batting: LHB Juan Rodríguez 0-0: Ball
1-0: Fly out, F8 (Flyball, 78D)
Batting: RHB Carlos Vela 0-0: Ball
1-0: SINGLE (Groundball, 4MD)
Mark McClear to second
Batting: LHB Ray Merrill 0-0: Ball
1-0: Ball
2-0: Swinging Strike
2-1: Called Strike
2-2: Strikes out swinging
Batting: LHB Brad Lawrence 0-0: Foul Ball, location: 2F
0-1: Foul Ball, location: 2F
0-2: Ball
1-2: Ball
2-2: Ball
3-2: Base on Balls
Mark McClear to third
Carlos Vela to second
Pinch Hitting: RHB Rob Warner 0-0: Called Strike
0-1: Fly out, F9 (Flyball, 9M)
Bottom of the 8th over - 1 run(s), 3 hit(s), 0 error(s), 3 left on base; Panama City 8 - Houston 1837 6
TOP OF THE 9TH
Panama City Piranhas batting - Pitching for Houston 1837 Colt .45s : LHP Jeff Burrell
Now at SS: Oscar Lewis
Batting: RHB Tim Barnes 0-0: Ball
1-0: Foul Ball, location: 2F
1-1: Ball
2-1: Ball
3-1: Base on Balls
Batting: RHB Kyle Taylor 0-0: Ball
1-0: Ball
2-0: Fly out, F7 (Flyball, 78M)
Batting: LHB Francisco Sánchez 0-0: Ground out 3-1 (Groundball, 34)
Tim Barnes to second
Batting: LHB Melvin Castro 0-0: Ball
1-0: Called Strike
1-1: Swinging Strike
1-2: Ball
2-2: Ground out 1-3 (Groundball, 13S)
Top of the 9th over - 0 run(s), 0 hit(s), 0 error(s), 1 left on base; Panama City 8 - Houston 1837 6
BOTTOM OF THE 9TH
Houston 1837 Colt .45s batting - Pitching for Panama City Piranhas : RHP Francisco Torres
Pitching: RHP Juan Pérez
Batting: LHB Jack Robbins 0-0: Called Strike
0-1: Ball
1-1: Foul Ball, location: 2F
1-2: Fly out, F5 (Popup, 5SF)
Batting: LHB Luis Rodríguez 0-0: DOUBLE (Line Drive, 7LS)
Batting: RHB Bob Dickerson 0-0: Ball
1-0: Ball
2-0: Swinging Strike
2-1: Ball
3-1: Ground out 6-3 (Groundball, 6)
Batting: LHB Mark McClear 0-0: Called Strike
0-1: Ball
1-1: SINGLE (Groundball, 23) (infield hit)
Luis Rodríguez to third
Batting: LHB Juan Rodríguez 0-0: Foul Ball, location: 2F
0-1: Ball
1-1: Ball
2-1: Swinging Strike
2-2: Foul Ball, location: 2F
2-2: Fly out, F8 (Flyball, 8RM)
Bottom of the 9th over - 0 run(s), 2 hit(s), 0 error(s), 2 left on base; Panama City 8 - Houston 1837 6
This league is powered by Out of the Park Baseball, the baseball management simulation game for PC, Mac and Linux
Friday, January 22nd, 2016 - OOTP Baseball 16.9 Build 39